 Dungeon Crawl Stone Soup version 0.23-a0-612-gcb482e9 (webtiles) character file.

667 Borgoz the Skirmisher (level 7, -1/60 HPs)
             Began as a Ghoul Abyssal Knight on Dec 22, 2018.
             Was a Believer of Lugonu.
             Slain by a centaur
             ... wielding a +0 broad axe
              (2 damage)
             ... on level 5 of the Dungeon.
             The game lasted 00:08:37 (3631 turns).

Borgoz the Skirmisher (Ghoul Abyssal Knight)        Turns: 3631, Time: 00:08:37

Health: -1/60      AC:  8    Str: 19    XL:     7   Next: 57%
Magic:  0/8        EV: 10    Int:  7    God:    Lugonu [**....]
Gold:   360        SH:  0    Dex: 10    Spells: 6/6 levels left

rFire    . . .     SeeInvis .   a - +1 hand axe
rCold    + . .     Gourm    .   (no shield)
rNeg     + + +     Faith    .   f - +0 scale mail of Purpose {Str+3}
rPois    ∞         Spirit   +   e - +2 helmet
rElec    .         Reflect  .   (no cloak)
rCorr    .         Harm     .   (no gloves)
MR       .....                  (no boots)
Stlth    ..........             m - amulet of guardian spirit
HPRegen  0.00/turn              k - -2 ring of protection (curse)
MPRegen  0.11/turn              (no ring)

@: rotting
A: rotting body, claws 1, carnivore, cold resistance 1, negative energy
resistance 3, inhibited regeneration, torment resistance, unbreathing
a: Depart the Abyss, Bend Space, Renounce Religion


You were on level 5 of the Dungeon.
You worshipped Lugonu.
Lugonu was pleased with you.
You were not hungry.

You visited 2 branches of the dungeon, and saw 6 of its levels.
You visited the Abyss 1 time.

You collected 360 gold pieces.

Inventory:

Hand Weapons
 a - a +1 hand axe (weapon)
Armour
 e - a +2 helmet (worn)
 f - the +0 scale mail of Purpose (worn) {Str+3}
   (You found it on level 2 of the Abyss)

   It affects your strength (+3).
Jewellery
 k - a cursed -2 ring of protection (left claw)
 m - an amulet of guardian spirit (around neck)
Scrolls
 g - a scroll of blinking
 n - a scroll of remove curse
Potions
 h - a potion of heal wounds
 j - a potion of resistance
 l - a potion of flight
Comestibles
 c - 5 rations
 d - 13 chunks of flesh


   Skills:
 + Level 4.7 Fighting
 * Level 4.1 Axes
 * Level 4.2 Armour
 + Level 2.9 Dodging
 + Level 3.6 Invocations


You had 6 spell levels left.
You didn't know any spells.
Your spell library was empty.

Dungeon Overview and Level Annotations

Branches:
Dungeon (5/15)             Temple (1/1) D:4

Altars:
Cheibriados
Dithmenos
Elyvilon
Fedhas
Gozag
Hepliaklqana
Kikubaaqudgha
Makhleb
Nemelex Xobeh
Okawaru
Qazlal
Ru
Sif Muna
Trog
Uskayaw
Vehumet
Wu Jian
Xom
Yredelemnul
Zin
The Shining One


Innate Abilities, Weirdness & Mutations

Your body is rotting away.
You thrive on raw meat.
You are immune to poison.
You have sharp fingernails.
You are carnivorous and can eat meat at any time.
Your flesh is cold resistant. (rC+)
You are immune to negative energy. (rN+++)
You do not regenerate when monsters are visible.
You are immune to unholy pain and torment.
You can survive without breathing.


Message History

The centaur is severely wounded.
You hit the ice beast. The centaur closely misses you.
The ice beast hits you but does no damage.
You barely miss the centaur.
The centaur is severely wounded.
You slash the ice beast!
You kill the ice beast!
Lugonu accepts your kill.
Your Axes skill increases to level 4!
The centaur hits you with a +0 broad axe!
* * * LOW HITPOINT WARNING * * *
The centaur hits you but does no damage.
You barely miss the centaur.
The centaur is severely wounded.
The centaur hits you with a +0 broad axe!
* * * LOW HITPOINT WARNING * * *
You hit the centaur but do no damage.
The centaur is severely wounded.
The centaur hits you with a +0 broad axe.
You die...

# #...# **,,,,,,,,******
#####...#####*#....,.#*,,,,,,*
.............##...##.##.,,,,,*
.........................,,,,*
.............##......##.<,,,,*
#####...#######..>.......,,,,*
#...# #....#....#***** #...#
*#.....##.#******* #...#
#@c.......,,,,,,* ###...###
##..#.##.#*****,*
###..)....#### ##(.#.##.# *,**
.##.........<# #.(......# *,,,
.##.##.#..##.###.....#### ****
.......#.............#
.##.##....##.##(.....#
.##.##.#..##.##......#
###.......##.##..###.#


You could see a centaur.

Vanquished Creatures
  An ice beast (D:5)
  A crimson imp (D:5)
  A centaur zombie (D:5)
  3 orc priests
  A hound (D:5)
  A centaur skeleton (D:4)
  5 orc wizards
  3 worker ants
  A hound skeleton (D:4)
  A howler monkey skeleton (D:5)
  5 adders
  4 oozes
  An adder skeleton (D:4)
  3 worms
  A dart slug (D:2)
  A leopard gecko (D:1)
  7 orcs
  7 bats
  3 giant cockroaches
  3 goblins
  6 hobgoblins
  4 jackals (D:3)
  2 quokkas
  2 ball pythons
  4 frilled lizards
  6 kobolds
  7 rats
84 creatures vanquished.

Vanquished Creatures (others)
  A wizard (D:3)
1 creature vanquished.

Grand Total: 85 creatures vanquished

Notes
Turn   | Place    | Note
-------+----------+-------------------------------------------
     0 | Abyss:1  | Borgoz the Ghoul Abyssal Knight began the quest for the
                  | Orb.
     0 | Abyss:1  | Reached XP level 1. HP: 19/19 MP: 1/1
    26 | Abyss:2  | Got a scorched scale mail
    43 | Abyss:3  | Found a corrupted altar of Lugonu.
    75 | Abyss:3  | Found a corrupted altar of Lugonu.
    75 | Abyss:3  | Noticed a sixfirhy
    76 | D:1      | Escaped the Abyss
    87 | D:1      | Identified the +0 scale mail of Purpose {Str+3} (You found
                  | it on level 2 of the Abyss)
   152 | D:1      | Reached skill level 1 in Dodging
   179 | D:1      | Reached XP level 2. HP: 21/26 MP: 2/2
   273 | D:1      | Reached * piety under Lugonu
   681 | D:2      | Found a faded altar of an unknown god.
   709 | D:2      | Reached XP level 3. HP: 20/28 MP: 3/3
   947 | D:2      | Reached XP level 4. HP: 38/40 MP: 4/4
  1644 | D:3      | Reached ** piety under Lugonu
  2082 | D:3      | Found a bloodstained altar of Trog.
  2091 | D:3      | Noticed a wizard
  2094 | D:3      | Killed a wizard
  2146 | D:3      | Reached XP level 5. HP: 6/44 MP: 5/5
  2509 | D:4      | HP: 1/46 [orc wizard/puff of flame (2)]
  2669 | D:4      | Found a staircase to the Ecumenical Temple.
  2690 | D:4      | Reached XP level 6. HP: 47/52 MP: 7/7
  2696 | Temple   | Entered the Ecumenical Temple
  3156 | D:5      | Entered Level 5 of the Dungeon
  3375 | D:5      | Reached XP level 7. HP: 52/60 MP: 6/8
  3630 | D:5      | HP: 1/60 [centaur/+0 broad axe (7)]
  3631 | D:5      | Slain by a centaur

Vault maps used:
D:1:      sevenhm_arrival_forest_fort_large_2
D:2:      chequers_ecumenical_altar_twisty
D:3:      trog_wizard
D:4:      nicolae_overflow_crystal_walls, minmay_temple_entry_mini_moons
D:5:      first_ration
Temple:   grunt_wide_crystal_templ

Skill      XL: |  1  2  3  4  5  6  7 |
---------------+----------------------+-----
Dodging        | 1 2 |  2.9
Armour         | 2 3 4 |  4.2
Axes           | 2 3 4 |  4.1
Fighting       | 4 |  4.7
Invocations    | 3 |  3.6

Action                   |  1- 3 |  4- 6 |  7- 9 || total
-------------------------+-------+-------+-------++-------
Melee: Hand axe          |    84 |   256 |    56 ||   396
Invok: Depart the Abyss  |     1 |       |       ||     1
  Use: Scroll            |     5 |     5 |     2 ||    12
       Potion            |       |     3 |     2 ||     5
  Eat: Chunk             |     7 |    27 |     5 ||    39
Armor: Scale mail        |    53 |   143 |    27 ||   223
Dodge: Dodged            |    61 |   120 |    45 ||   226

Table legend:
 A = Non-vault XP
 B = Vault XP
 C = Vault XP percentage of total XP
 D = Non-vault monster count
 E = Vault monster count
 F = Vault count percentage of total count
                 A         B        C        D         E       F
            +---------+---------+-------+---------+---------+-------
      Total |     953 |       0 |   0.0 |      84 |       0 |   0.0
            +---------+---------+-------+---------+---------+-------
        D:1 |      21 |       0 |   0.0 |      15 |       0 |   0.0
        D:2 |      90 |       0 |   0.0 |      19 |       0 |   0.0
        D:3 |      54 |       0 |   0.0 |      21 |       0 |   0.0
        D:4 |     271 |       0 |   0.0 |      12 |       0 |   0.0
        D:5 |     517 |       0 |   0.0 |      17 |       0 |   0.0
            +---------+---------+-------+---------+---------+-------
